 Dungeon Crawl Stone Soup version 0.29-a0-322-g68df515428 (webtiles) character file.

Game seed: 7374437862963088033

76 bande the Covered (level 4, -7/29 HPs)
             Began as a Gargoyle Fighter on Apr 7, 2022.
             Killed by divine providence
             ... invoked by an orc priest
              (10 damage)
             ... on level 2 of the Dungeon.
             The game lasted 00:02:37 (1424 turns).

bande the Covered (Gargoyle Fighter)                Turns: 1424, Time: 00:02:38

Health: -7/29      AC: 12    Str: 19    XL:     4   Next: 32%
Magic:  4/4        EV:  9    Int:  9    God:
Gold:   105        SH:  4    Dex: 11    Spells: 3/3 levels left

rFire   . . .      SeeInvis .   a - +0 war axe
rCold   . . .      Faith    .   c - +0 buckler
rNeg    + . .      Spirit   .   b - +0 scale mail
rPois   ∞          Reflect  .   i - +1 hat
rElec   +          Harm     .   (no cloak)
rCorr   .          Rampage  .   (no gloves)
Will    .....                   f - +0 pair of boots
Stlth   ..........              (no amulet)
HPRegen 0.09/turn               (no ring)
MPRegen 0.09/turn               (no ring)

@: no status effects
A: sickness immunity, AC +3, negative energy resistance 1, electricity
resistance, torment resistance 1, petrification resistance
a: no special abilities


You were on level 2 of the Dungeon.
You visited 1 branch of the dungeon, and saw 2 of its levels.

You collected 105 gold pieces.

Inventory:

Hand Weapons
 a - a +0 war axe (weapon)
 g - a +0 flail
Armour
 b - a +0 scale mail (worn)
 c - a +0 buckler (worn)
 f - a +0 pair of boots (worn)
 i - a +1 hat (worn)
Scrolls
 e - 2 scrolls of summoning
Potions
 d - 4 potions of might
 h - 2 potions of brilliance


   Skills:
 + Level 3.8 Fighting
 + Level 2.8 Axes
 + Level 4.0 Armour
 + Level 3.5 Shields


You had 3 spell levels left.
You didn't know any spells.
Your spell library was empty.

Dungeon Overview and Level Annotations

Branches:
Dungeon (2/15)

Altars:


Innate Abilities, Weirdness & Mutations

You are immune to sickness and miasma.
Your stone body is resilient. (AC +3)
You are immune to poison.
You resist negative energy. (rN+)
You are resistant to electric shocks. (rElec)
You are resistant to unholy torment.
You are immune to petrification.


Message History

There is a stone staircase leading down here.
You climb downwards.
There is a stone staircase leading up here.
The orc priest looks braver for a moment.
The orc priest invokes the aid of Beogh against you.
Pain shoots through your body!
You closely miss the orc priest.
The orc priest hits you with a +0 war axe.
You closely miss the orc priest. The orc priest barely misses you.
The orc priest hits you with a +0 war axe.
You closely miss the orc priest. The orc priest misses you.
You barely miss the orc priest.
The orc priest casts a cantrip, but nothing happens.
You hit the orc priest.
The orc priest is lightly wounded.
The orc priest hits you with a +0 war axe.
The orc priest looks satisfied for a moment.
You barely miss the orc priest.
The orc priest is lightly wounded.
The orc priest closely misses you.
You hit the orc priest.
The orc priest is lightly wounded.
The orc priest mumbles some strange prayers to Beogh against you.
Beogh smites you!
* * * LOW HITPOINT WARNING * * *
The orc priest closely misses you.
You are too injured to fight recklessly!
You are too injured to fight recklessly!
You are too injured to fight recklessly!
You are too injured to fight recklessly!
You are too injured to fight recklessly!
You are too injured to fight recklessly!
You are too injured to fight recklessly!
You closely miss the orc priest.
The orc priest is lightly wounded.
The orc priest misses you.
It was a potion of cancellation.
You feel magically purged.
The orc priest calls down the wrath of Beogh upon you.
Beogh smites you!
You die...

#.#.....o.#.# # ####.
#.....o.....# #...# #.
#.... ##.......# #...#
#.##..#. ...###o#.## #...#
#....#.. # # #....# #...#
#...###. ##.#####oo###
#...# #.##.#.#
...##.......# #...#
.#.##.##
......##).#.#####...####.#
#g#.# ...##.
#.......o@..<....# #..#
...# #...............##
##.## ..##
#.......>........# ##...#
..#
#.##.#####...####.###.#†.#
............# ###...###
#.#.##..# ########.####
#.......# #..#....# #.#
#.#...#.# #.##.##.# #.#
####.#...#.###.##.##.# ..
#....................#


You could see an orc priest.

Vanquished Creatures
  An orc priest (D:1)
  An adder (D:2)
  A worm (D:2)
  3 orcs (D:1)
  4 bats
  2 endoplasms
  A giant cockroach (D:2)
  4 goblins (D:1)
  2 jackals (D:1)
  4 kobolds
  5 ball pythons (D:1)
  4 frilled lizards (D:1)
  2 rats (D:1)
34 creatures vanquished.

Notes
Turn   | Place    | Note
-------+----------+-------------------------------------------
     0 | D:1      | bande the Gargoyle Fighter began the quest for the Orb.
     0 | D:1      | Reached XP level 1. HP: 14/14 MP: 1/1
   119 | D:1      | Reached XP level 2. HP: 9/19 MP: 2/2
   815 | D:1      | Reached XP level 3. HP: 20/24 MP: 3/3
  1272 | D:1      | Reached skill level 4 in Armour
  1272 | D:1      | Reached XP level 4. HP: 28/29 MP: 4/4
  1424 | D:2      | Killed from afar by an orc priest

Illustrated notes

Levels and vault maps discovered:
D:1:      heliophobic_arrival_henge, layout_rooms, minmay_domino_4
D:2:      cheibrodos_pilgrimage, layout_loops_cross,
          shapermc_ecumenical_altar_gd

Skill      XL: |  1  2  3 |
---------------+----------+-----
Axes           | 2 |  2.8
Armour         | 4 |  4.0
Fighting       | |  3.8
Shields        | |  3.5

Action                   |  1- 3 |  4- 6 || total
-------------------------+-------+-------++-------
Melee: War axe           |    92 |    12 ||   104
  Use: Scroll            |     5 |       ||     5
       Potion            |       |     1 ||     1
Armor: Scale mail        |    69 |     3 ||    72
Dodge: Dodged            |    49 |     6 ||    55
Block: Buckler           |    18 |     2 ||    20

Table legend: (Time is in decaauts)
 A = Elapsed time spent in this place.
 B = Non-inter-level travel time spent in this place.
 C = Inter-level travel time spent in this place.
 D = Time resting spent in this place.
 E = Time spent auto-exploring this place.
 F = Levels seen in this place.
 G = Mean time per level.
                   A        B        C        D        E       F      G
               +--------+--------+--------+--------+--------+-----+--------+
         Total |   1474 |   1453 |     21 |    430 |    705 |   2 |  737.0 |
       Dungeon |   1474 |   1453 |     21 |    430 |    705 |   2 |  737.0 |
               +--------+--------+--------+--------+--------+-----+--------+

Top non-repeatable levels by time:
     D:1: 1197 daAuts
     D:2: 277 daAuts
